AoeStats
← cauliflower

Arena

513595628Analyzed
4v4 RM · 3d ago on Oct 14, 2026· 37m 18s· 8 players
Game mode
Random Map
Map size
Large (8 player)
Population
200
Speed
Normal
Resources
Standard
Victory
Conquest
Starting age
Dark Age
Ending age
Imperial Age
RankedLock teamsTeams togetherTeam positionsShared explorationLock speedFull tech treeHidden civsTurbo modeCheats
Victory
Defeat
🇨🇳 Franks · China
1426
+14
🇨🇳 Saxons · China
1355
+17
🇨🇳 Magyars · China
1352
+17
🇨🇳 Jurchens · China
1343
+18
vs
🇻🇳 Bulgarians · Vietnam
1416
-18
🇺🇸 Saxons · United States
1405
-17
🇩🇪 Vikings · Germany
1378
-16
🇨🇳 Byzantines · China
1342
-15
ElitePlastic
10:59 Feudal Age
14:45 Castle Age
13:40 Double-Bit Axe
15:13 Loom
15:43 Bow Saw
22:27 Forging
红黑EX
11:02 Feudal Age
12:18 Double-Bit Axe
14:55 Castle Age
13:00 Horse Collar
14:19 Wheelbarrow
16:06 Bow Saw
17:02 Heavy Plow
23:40 Gold Mining
28:39 Imperial Age
26:20 Scale Mail Armor
26:30 Forging
25:54 Man-at-Arms
27:40 Chain Mail Armor
26:49 Long Swordsman
27:14 Gambesons
27:34 Squires
27:19 Arson
28:45 Capped Ram
28:49 Two-Handed Swordsman
28:55 Shield Wall
29:55 Conscription
29:36 Champion
30:56 Iron Casting
31:46 Plate Mail Armor
31:47 Siege Ram
33:39 Fletching
34:51 Hand Cart
34:22 Loom
34:47 Guard Tower
34:43 Arrowslits
35:59 Chemistry
35:19 Ballistics
34:56 Bodkin Arrow
36:50 Keep
neutron_star
10:25 Feudal Age
11:02 Double-Bit Axe
14:27 Castle Age
12:37 Horse Collar
15:28 Bow Saw
19:05 Wheelbarrow
19:32 Town Watch
22:03 Loom
22:54 Gold Mining
23:29 Hand Cart
23:47 Town Watch
25:45 Gold Shaft Mining
29:11 Imperial Age
27:05 Fletching
27:16 Padded Archer Armor
27:15 Stone Mining
27:50 Bodkin Arrow
27:58 Heavy Plow
28:22 Thumb Ring
28:51 Bloodlines
28:41 Husbandry
29:04 Ballistics
29:14 Heavy Cavalry Archer
30:56 Chemistry
29:57 Bracer
30:13 Leather Archer Armor
30:39 Parthian Tactics
32:12 Conscription
32:54 Recurve Bow
32:55 Corvinian Army
34:05 Two-Man Saw
33:37 Scale Barding Armor
34:05 Ring Archer Armor
33:43 Scale Barding Armor
35:54 Chain Barding Armor
35:46 Clinker Construction
36:07 Coinage
35:45 Siege Engineers
35:56 Elite Magyar Huszar
38:09 Plate Barding Armor
箜声
10:30 Feudal Age
14:02 Castle Age
12:13 Double-Bit Axe
12:28 Horse Collar
15:28 Bow Saw
26:11 Wheelbarrow
25:31 Loom
28:47 Imperial Age
26:52 Padded Archer Armor
27:24 Siege Engineers
27:40 Ballistics
28:36 Gold Mining
29:28 Leather Archer Armor
29:48 Thunderclap Bombs
29:58 Conscription
30:48 Chemistry
30:52 Gold Shaft Mining
32:14 Ring Archer Armor
34:49 Caravan
35:17 Fortified Wall
35:18 Masonry
34:49 Treadmill Crane
thanh7531
9:32 Feudal Age
14:50 Castle Age
20:17 Scale Mail Armor
21:33 Wheelbarrow
20:50 Gambesons
22:08 Forging
24:42 Loom
25:27 Town Watch
34:08 Imperial Age
32:17 Scale Barding Armor
32:02 Horse Collar
34:11 Husbandry
34:31 Hand Cart
34:47 Masonry
冰石戟
10:20 Feudal Age
14:12 Castle Age
12:28 Double-Bit Axe
12:24 Horse Collar
22:02 Wheelbarrow
22:10 Bow Saw
22:03 Loom
22:30 Heavy Plow
23:57 Gold Mining
25:34 Hand Cart
28:50 Imperial Age
26:31 Scale Mail Armor
26:42 Forging
26:41 Stone Mining
27:28 Gold Shaft Mining
27:12 Arson
27:27 Squires
27:13 Gambesons
27:29 Treadmill Crane
29:47 Chain Mail Armor
30:07 Iron Casting
29:15 Elite Varangian Guard
31:23 Plate Mail Armor
30:37 Capped Ram
32:52 Fletching
33:02 Padded Archer Armor
34:09 Chemistry
33:09 Siege Ram
34:16 Conscription
34:55 Guilds
35:52 Logistica
37:12 Two-Man Saw
Kryptonknight
10:26 Feudal Age
14:20 Castle Age
12:26 Double-Bit Axe
13:59 Horse Collar
15:38 Bow Saw
15:29 Heavy Plow
20:50 Wheelbarrow
20:41 Town Watch
21:55 Hand Cart
21:45 Loom
23:44 Town Patrol
23:44 Gold Mining
23:44 Stone Mining
25:03 Gold Shaft Mining
29:02 Imperial Age
26:25 Fletching
27:02 Ballistics
27:40 Fortified Wall
28:13 Bodkin Arrow
28:19 Padded Archer Armor
27:57 Crossbowman
28:45 Thumb Ring
29:17 Leather Archer Armor
29:41 Scale Mail Armor
29:41 Arbalester
31:51 Chemistry
31:05 Bracer
32:52 Conscription
32:02 Shield Wall
34:13 Elite Hearth Troop
35:26 Ring Archer Armor
35:12 Chain Mail Armor
35:08 Forging
35:18 Elite Skirmisher
cauliflower
10:49 Feudal Age
11:36 Loom
14:27 Castle Age
13:28 Double-Bit Axe
13:34 Horse Collar
16:49 Bow Saw
19:38 Gold Mining
25:44 Fletching
28:42 Bodkin Arrow
28:49 Padded Archer Armor
35:50 Imperial Age
34:28 Squires
34:14 Arson
34:41 Scale Mail Armor
34:51 Forging
36:03 Chieftains
36:35 Chain Mail Armor
36:55 Iron Casting
Connection lost

Rejoining the realm…

Still unreachable

The connection could not be restored.

Session expired

The server has moved on; the page needs a fresh start.